 Dungeon Crawl Stone Soup version 0.18.1-48-g4cf74bf (webtiles) character file.

55 hairmachine the Conjurer (level 3, -2/21 HPs)
             Began as a High Elf Wizard on July 16, 2016.
             Was an Initiate of Okawaru.
             Slain by a gnoll
             ... wielding a +0 spear
              (4 damage)
             ... on level 2 of the Dungeon.
             The game lasted 00:08:53 (2452 turns).

hairmachine the Conjurer (High Elf Wizard)          Turns: 2452, Time: 00:08:53

Health: -2/21      AC:  2    Str:  3 (6)  XL:     3   Next: 67%
Magic:  2/9        EV: 12    Int: 18 (21) God:    Okawaru [......]
Gold:   62         SH:  0    Dex: 15      Spells: 4 memorised, 0 levels left

rFire  . . .     SeeInvis .     f - -2 short sword
rCold  . . .     Gourm    .     a - +0 robe
rNeg   . . .     Faith    .     (no shield)
rPois  .         Spirit   .     b - +0 hat
rElec  .         Dismiss  .     (no cloak)
rCorr  .         Reflect  .     (no gloves)
SustAt .         Harm     .     (no boots)
MR     .....                    (no amulet)
Stlth  ++........               (no ring)
                                (no ring)

@: very slightly contaminated, not resistant to hostile enchantments, unstealthy
A: no striking features
a: Renounce Religion


You were on level 2 of the Dungeon.
You worshipped Okawaru.
Okawaru was noncommittal.
You were not hungry.

You visited 1 branch of the dungeon, and saw 3 of its levels.

You collected 62 gold pieces.

Inventory:

Hand Weapons
 f - a -2 short sword (weapon)
Armour
 a - a +0 robe (worn)
 b - a +0 hat (worn)
Jewellery
 e - an uncursed ring of magical power {unknown}
Scrolls
 g - 2 scrolls of recharging {unknown}
Potions
 j - a potion of agility {unknown}
 l - a potion of brilliance {unknown}
Books
 c - a book of Minor Magic

   Spells                             Type                      Level
   a - Magic Dart                     Conjuration                  1
   b - Blink                          Translocation                2
   c - Call Imp                       Summoning                    2
   d - Repel Missiles                 Charms/Air                   2
   e - Slow                           Hexes                        2
   f - Conjure Flame                  Conjuration/Fire             3
   g - Mephitic Cloud                 Conjuration/Poison/Air       3
Comestibles
 d - 2 bread rations
 h - a meat ration
 i - 2 slices of pizza


   Skills:
 - Level 2.1 Dodging
 - Level 2.1 Stealth
 - Level 3.6 Spellcasting
 + Level 4.0 Conjurations
   Level 0.8 Summonings
 - Level 1.1 Translocations


You couldn't memorise any spells.
You knew the following spells:

 Your Spells              Type           Power        Failure   Level  Hunger
a - Magic Dart            Conj           ###.         3%          1    None
b - Blink                 Tloc           N/A          14%         2    ##.....
c - Conjure Flame         Conj/Fire      ##......     24%         3    ###....
d - Mephitic Cloud        Conj/Pois/Air  #.......     30%         3    ###....


Dungeon Overview and Level Annotations

Branches:
Dungeon (3/15)

Altars:
Okawaru

Annotations:
D:3 hairmachine's ghost, amateur HEWz


Message History

A giant cockroach comes into view.
There is an open door here.
As you read the scroll labeled VAVVOE MENYEV, it crumbles to dust.
You feel as if something is helping you.
It was a scroll of remove curse.
Read which item? (? for menu, Esc to quit)
As you read the scroll labeled ZARYLE FO WOIC, it crumbles to dust.
You hear a loud clanging noise!
It was a scroll of noise.
The gnoll hits you with a flail! The gnoll closely misses you.
The giant cockroach barely misses you. The giant cockroach closely misses you.
The gnoll hits you from afar with a spear.
* * * LOW HITPOINT WARNING * * *
The gnoll barely misses you. The giant cockroach barely misses you.
The giant cockroach bites you but does no damage.
The gnoll hits you from afar with a spear.
* * * LOW HITPOINT WARNING * * *
The gnoll hits you from afar with a spear.
You die...

### .. #######.#
###########.....#.#
<.........'..(g...#
###########....sg.#
#.....@.# #.......#
#.......#####.#
######.>..(....
#..#####.#
########..#####.
#................
#........#########
#........'.§gg)..#


You could see 2 gnolls and a giant cockroach.

Vanquished Creatures
  A gnoll (D:2)
  3 worms (D:2)
  A dart slug (D:2)
  A giant gecko (D:2)
  2 bats (D:1)
  2 giant cockroaches
  5 goblins
  6 hobgoblins (D:1)
  4 kobolds
  A giant newt (D:2)
  7 rats
33 creatures vanquished.

Notes
Turn   | Place    | Note
--------------------------------------------------------------
     0 | D:1      | hairmachine the High Elf Wizard began the quest for the Orb.
     0 | D:1      | Reached XP level 1. HP: 11/11 MP: 6/6
   370 | D:1      | Reached skill level 2 in Conjurations
   527 | D:1      | Reached XP level 2. HP: 17/17 MP: 4/7
   561 | D:1      | Learned a level 2 spell: Blink
  1192 | D:1      | Reached skill level 3 in Conjurations
  1674 | D:2      | Reached XP level 3. HP: 21/21 MP: 1/9
  1855 | D:2      | Learned a level 3 spell: Conjure Flame
  1859 | D:2      | Learned a level 3 spell: Mephitic Cloud
  2073 | D:2      | Found an iron altar of Okawaru.
  2198 | D:2      | Became a worshipper of Warmaster Okawaru
  2250 | D:3      | Noticed hairmachine's ghost (amateur HEWz)
  2297 | D:2      | Reached skill level 4 in Conjurations
  2452 | D:2      | Slain by a gnoll

Skill      XL: |  1  2  3 |
---------------+----------+-----
Conjurations   | 2 3 4 |  4.0
Dodging        | |  2.1
Stealth        | |  2.1
Spellcasting   | |  3.6
Summonings     | |  0.8
Translocations | |  1.1

Action                   || total
-------------------------++-------
Melee: Short sword       ||    11
 Cast: Magic Dart        ||   110
       Blink             ||     3
       Conjure Flame     ||     3
  Use: Potion            ||     2
       Scroll            ||     2
 Stab: Sleeping          ||     1
  Eat: Chunk             ||     5
Armor: Robe              ||     4
Dodge: Dodged            ||    28
